 Dungeon Crawl Stone Soup version 0.21.1-1-g345015f (webtiles) character file.

2 letownia2 the Charmwright (level 1, -5/20 HPs)
             Began as a Gnoll Skald on Feb 26, 2018.
             Slain by a hobgoblin
             ... wielding a +0 club
              (6 damage)
             ... on level 1 of the Dungeon.
             The game lasted 00:00:21 (56 turns).

letownia2 the Charmwright (Gnoll Skald)               Turns: 56, Time: 00:00:22

Health: -5/20      AC:  3    Str: 13    XL:     1   Next: 40%
Magic:  6/6        EV: 14    Int: 15    God:
Gold:   0          SH:  0    Dex: 14    Spells: 8/9 levels left

rFire    . . .     SeeInvis .   a - +0 mace
rCold    . . .     Gourm    .   (no shield)
rNeg     . . .     Faith    .   b - +0 leather armour
rPois    .         Spirit   .   (no helmet)
rElec    .         Reflect  .   (no cloak)
rCorr    .         Harm     .   (no gloves)
MR       .....                  (no boots)
Stlth    +.........             (no amulet)
HPRegen  0.06/turn              (no ring)
MPRegen  0.10/turn              (no ring)

@: no status effects
A: distributed training, fangs 1, strong nose
a: no special abilities


You were on level 1 of the Dungeon.
You were not hungry.

You visited 1 branch of the dungeon, and saw 1 of its levels.

Inventory:

Hand Weapons
 a - a +0 mace (weapon)
Armour
 b - a +0 leather armour (worn)
Scrolls
 e - a scroll of remove curse {unknown}
Potions
 f - a potion of curing {unknown}
Books
 c - a book of Battle

   Spells                             Type                      Level
   a - Infusion                       Charms                       1
   b - Shroud of Golubria             Charms/Translocation         2
   c - Song of Slaying                Charms                       2
   d - Spectral Weapon                Hexes/Charms                 3
   e - Regeneration                   Charms/Necromancy            3
Comestibles
 d - a ration


   Skills:
 + Level 4.4 Fighting
 + Level 0.0 Short Blades
 + Level 0.0 Long Blades
 + Level 0.0 Axes
 + Level 4.4 Maces & Flails
 + Level 0.0 Polearms
 + Level 0.0 Staves
 + Level 0.0 Slings
 + Level 0.0 Bows
 + Level 0.0 Crossbows
 + Level 0.0 Throwing
 + Level 2.3 Armour
 + Level 4.4 Dodging
 + Level 0.0 Stealth
 + Level 0.0 Shields
 + Level 0.0 Unarmed Combat
 + Level 4.8 Spellcasting
 + Level 0.0 Conjurations
 + Level 0.0 Hexes
 + Level 5.3 Charms
 + Level 0.0 Summonings
 + Level 0.0 Necromancy
 + Level 0.0 Translocations
 + Level 0.0 Transmutations
 + Level 0.0 Fire Magic
 + Level 0.0 Ice Magic
 + Level 0.0 Air Magic
 + Level 0.0 Earth Magic
 + Level 0.0 Poison Magic
 + Level 0.1 Invocations
 + Level 0.0 Evocations


You had 8 spell levels left.
You knew the following spells:

 Your Spells              Type           Power        Failure   Level  Hunger
a - Infusion              Chrm           ###.         2%          1    None


Dungeon Overview and Level Annotations

Branches:
Dungeon (1/15)

Altars:


Innate Abilities, Weirdness & Mutations

Your experience applies equally to all skills.
You have very sharp teeth.
Your uncanny sense of smell can sniff out nearby items.


Message History

You miss the goblin. The goblin closely misses you. The goblin hits you.
You barely miss the goblin. The goblin hits you.
You barely miss the goblin. The goblin hits you.
You barely miss the goblin. The goblin misses you.
You closely miss the goblin. The goblin hits you but does no damage.
You barely miss the goblin. The goblin barely misses you.
The goblin misses you.
You sock the goblin!
You kill the goblin!
The hobgoblin hits you with a club.
* * * LOW HITPOINT WARNING * * *
You closely miss the hobgoblin. Your bite misses the hobgoblin.
The hobgoblin hits you but does no damage.
You hit the hobgoblin but do no damage. The hobgoblin barely misses you.
You barely miss the hobgoblin. The hobgoblin hits you with a club.
* * * LOW HITPOINT WARNING * * *
You barely miss the hobgoblin.
You bite the hobgoblin, but do no damage.
The hobgoblin hits you with a club.
You die...

### #.. #.# #.# .# #.#
..# ###.##########....
######.....##..........
#........#.##.......##
#.####.###.@gg.......#∆
##.######........#
##....# #........#
#.....# #........#
#.....# #........#
#.....# #.......#..
#.....# #.......#..
.##...†.## #[(.....#
#.........# #########


You could see a hobgoblin and a goblin.

Vanquished Creatures
  A goblin (D:1)
  A kobold (D:1)
  A rat (D:1)
3 creatures vanquished.

Notes
Turn   | Place    | Note
-------+----------+-------------------------------------------
     0 | D:1      | letownia2 the Gnoll Skald began the quest for the Orb.
     0 | D:1      | Reached XP level 1. HP: 20/20 MP: 6/6
    55 | D:1      | HP: 1/20 [hobgoblin/club (5)]
    56 | D:1      | Slain by a hobgoblin

Action                   || total
-------------------------++-------
Melee: Mace              ||    15
       Bite              ||     1
Armor: Leather armour    ||     1
Dodge: Dodged            ||     8
